 Dungeon Crawl Stone Soup version 0.30-a0-1157-g2cc9ac7196 (webtiles) character file.

Game seed: 16139375282959486712

80 qeuew the Chiller (level 3, 0/26 HPs)
             Began as a Demigod Ice Elementalist on Apr 24, 2023.
             Slain by an orc
             ... wielding a +0 club
              (3 damage)
             ... on level 2 of the Dungeon.
             The game lasted 00:04:04 (1830 turns).

qeuew the Chiller (Demigod Ice Elementalist)        Turns: 1830, Time: 00:04:05

Health: 0/26       AC:  2    Str:  9    XL:     3   Next: 98%
Magic:  1/9        EV: 13    Int: 21    God:
Gold:   139        SH:  0    Dex: 20    Spells: 2/6 levels left

rFire   . . .        i - +2 short sword (elec)
rCold   . . .        (no shield)
rNeg    . . .        a - +0 robe
rPois   .            (no helmet)
rElec   .            (no cloak)
rCorr   .            (no gloves)
SInv    +            (no boots)
Will    .....        j - amulet of regeneration
Stlth   ++           h - +6 ring of dexterity
HPRegen 1.04/turn    g - ring of see invisible
MPRegen 0.11/turn

%: no passive effects
@: no status effects
A: high MP 1, forlorn, divine attributes
a: no special abilities


You were on level 2 of the Dungeon.
You visited 1 branch of the dungeon, and saw 3 of its levels.

You collected 139 gold pieces.

Inventory:

Hand Weapons
 i - a +2 short sword of electrocution (weapon)
Armour
 a - a +0 robe (worn)
Jewellery
 f - a ring of protection from cold
 g - a ring of see invisible (right hand)
 h - a +6 ring of dexterity (left hand)
 j - an amulet of regeneration (around neck)
Scrolls
 c - 3 scrolls of teleportation
Potions
 b - a potion of magic
 d - 2 potions of curing
 e - a potion of berserk rage


   Skills:
 + Level 0.7 Short Blades
 + Level 1.2 Armour
 + Level 2.2 Dodging
 + Level 2.4 Stealth
 + Level 2.2 Spellcasting
 + Level 4.0 Ice Magic


You had 2 spell levels left.
You knew the following spells:

 Your Spells              Type           Power      Damage    Failure   Level
a - Freeze                Ice            76%        1d8       2%          1
b - Frozen Ramparts       Ice            38%        1d6       9%          3

Your spell library contained the following spells:

 Spells                   Type           Power      Damage    Failure   Level
 Sandblast                Erth           4%         2d4       14%         1
 Passwall                 Tmut/Erth      1%         N/A       22%         2
 Poisonous Vapours        Pois/Air       4%         N/A       22%         2
 Ozocubu's Armour         Ice            19%        N/A       9%          3
 Hailstorm                Conj/Ice       10%        3d5       19%         3
 Mephitic Cloud           Conj/Pois/Air  2%         N/A       41%         3
 Stone Arrow              Conj/Erth      4%         3d7       41%         3
 Summon Guardian Golem    Hex/Summ       2%         N/A       41%         3
 Summon Ice Beast         Ice/Summ       10%        N/A       54%         4
 Metabolic Englaciation   Hex/Ice        5%         N/A       87%         5
 Freezing Cloud           Conj/Ice/Air   4%         6-21      93%         5
 Simulacrum               Ice/Necr       5%         N/A       100%        6
 Orb of Destruction       Conj           1%         9d5       100%        7
 Spellforged Servitor     Conj/Summ      1%         N/A       100%        7


Dungeon Overview and Level Annotations

Branches:
Dungeon (3/15)

Shops:
D:1 !   D:2 =


Innate Abilities, Weirdness & Mutations

You have an increased reservoir of magic. (+10% MP)
You shall have no god before yourself.
Your divine heritage dramatically boosts your attributes as you level up.


Message History

Aiming: Freeze (safe; 3% risk of failure)
Press: ? - help, Q - select action Shift-Dir - straight line, f - orc wizard
Aim: an orc wizard, wielding a +0 dagger and wearing a +0 robe (slightly transparent)
You freeze the orc wizard.
The orc wizard is moderately wounded.
The orc barely misses you.
The orc wizard hits you with a +0 dagger.
Aiming: Freeze (safe; 3% risk of failure)
Press: ? - help, Q - select action Shift-Dir - straight line, f/p - orc wizard
Aim: an orc wizard, wielding a +0 dagger and wearing a +0 robe (moderately wounded, slightly transparent)
You freeze the orc wizard!
The orc wizard is severely wounded.
The orc misses you. The orc wizard casts a spell at you.
The magic dart hits you!
* * * LOW HITPOINT WARNING * * *
Aiming: Freeze (safe; 3% risk of failure)
Press: ? - help, Q - select action Shift-Dir - straight line, f/p - orc wizard
Aim: an orc wizard, wielding a +0 dagger and wearing a +0 robe (severely wounded, slightly transparent)
You freeze the orc wizard.
You kill the orc wizard!
The orc closely misses you.
Your Ice Magic skill increases to level 4!
Aiming: Freeze (safe; 2% risk of failure)
Press: ? - help, Q - select action Shift-Dir - straight line, f - orc
Aim: an orc, wielding a +0 club You freeze the orc.
The orc is lightly wounded.
The orc closely misses you.
You closely miss the orc.
The orc is lightly wounded.
The orc hits you with a +0 club.
* * * LOW HITPOINT WARNING * * *
Aiming: Freeze (safe; 2% risk of failure)
Press: ? - help, Q - select action Shift-Dir - straight line, f/p - orc
Aim: an orc, wielding a +0 club (lightly wounded)
You freeze the orc.
The orc is almost dead.
The orc hits you with a +0 club.
You die...

###############.#
#...............#
#.#############.# #.# #.#
#.# #.# #.# ###.#### ##
#.# #####......# #. #.#
#...#......# #. #.#
#..@)......#### #. #.#
#..o..........# ##. #.#
#.......###...####..
#.####
#...##..............
#....#
#...###.#.#...####..
####.######.###.#.....#
#..
#.#..........##....####..
##.#).........####.....#..
#.............# ##.......


You could see an orc.

Vanquished Creatures
  An orc wizard (D:2)
  An adder (D:2)
  2 worms (D:3)
  A dart slug (D:2)
  An orc (D:3)
  A ball python (D:2)
  2 bats
  3 endoplasms
  A giant cockroach (D:2)
  2 hobgoblins
  2 jackals (D:1)
  5 kobolds
  3 quokkas
  A frilled lizard (D:1)
  12 rats
38 creatures vanquished.

Notes
Turn   | Place    | Note
-------+----------+-------------------------------------------
     0 | D:1      | qeuew the Demigod Ice Elementalist began the quest for the
                  | Orb.
     0 | D:1      | Reached XP level 1. HP: 14/14 MP: 5/5
   151 | D:1      | Found Jiadi's Distillery.
   361 | D:1      | Reached XP level 2. HP: 20/20 MP: 5/7
   940 | D:2      | Reached XP level 3. HP: 26/26 MP: 8/8
   944 | D:2      | Learned a level 3 spell: Frozen Ramparts
  1037 | D:2      | Reached skill level 1 in Armour
  1192 | D:2      | Found Fig Pima's Jewellery Shoppe.
  1828 | D:2      | Reached skill level 4 in Ice Magic
  1830 | D:2      | Slain by an orc

Illustrated notes

Levels and vault maps discovered:
D:1:      ncdulo_halloftheorcs, layout_basic, serial_shops,
          nicolae_shop_real_fake_doors
D:2:      layout_basic, serial_shops, nicolae_shop_window_shopping,
          minmay_rat_gold_closets
D:3:      layout_rooms, gammafunk_temple_overflow_pools, uniq_terence

Skill      XL: |  1  2  3 |
---------------+----------+-----
Stealth        | 2 |  2.4
Dodging        | 2 |  2.2
Spellcasting   | 2 |  2.2
Armour         | 1 |  1.2
Ice Magic      | 4 |  4.0
Short Blades   | |  0.7

Action                     || total
---------------------------++-------
  Melee: Unarmed           ||    20
         Short sword       ||    27
   Cast: Freeze            ||    50
    Use: Scroll            ||     6
         Potion            ||     3
   Stab: Sleeping          ||     3
 Armour: Robe              ||    11
  Dodge: Dodged            ||    56

Table legend: (Time is in decaauts)
 A = Elapsed time spent in this place.
 B = Non-inter-level travel time spent in this place.
 C = Inter-level travel time spent in this place.
 D = Time resting spent in this place.
 E = Time spent auto-exploring this place.
 F = Levels seen in this place.
 G = Mean time per level.
                   A        B        C        D        E       F      G
               +--------+--------+--------+--------+--------+-----+--------+
         Total |   1839 |   1815 |     24 |      0 |   1513 |   3 |  613.0 |
       Dungeon |   1839 |   1815 |     24 |      0 |   1513 |   3 |  613.0 |
               +--------+--------+--------+--------+--------+-----+--------+

Top non-repeatable levels by time:
     D:2: 1070 daAuts
     D:1: 576 daAuts
     D:3: 192 daAuts
